Flames vs Flyers
Created - February 10, 2020 at 23:37
Goals
|
Flames |
0 |
2 |
1 |
3 |
Flyers |
2 |
2 |
1 |
5 |
|
Shots
|
Flames |
9 |
6 |
25 |
40 |
Flyers |
9 |
13 |
9 |
31 |
|
1st period
1. Flyers , Jeff Carter 16 (Drew Miller 24, Jakub Voracek 20) at 2:14 (PP)
2. Flyers , Jeff Carter 17 (Drew Miller 25, Jakub Voracek 21) at 14:53 (PP)
Penalties :
Peter Prucha (Cal) for Hooking (Minor) at 1:58, Alexander Semin (Cal) for Hooking (Minor) at 3:33, David Ullstrom (Cal) for Holding (Minor) at 14:08, David Backes (Cal) for Hooking (Minor) at 18:42
2nd period
3. Flyers , Brock Nelson 8 (Oliver Ekman-Larsson 15, Jordan Nolan 20) at 2:43
4. Flyers , Ryan Callahan 4 (Chris Mcallister 8, Steve Mason) at 7:20
5. Flames , David Backes 25 (Alexander Semin 25, Eric Staal 38) at 10:58 (PP)
6. Flames , Jordin Tootoo 8 (Colin Wilson 10) at 18:26
Penalties :
Alexander Semin (Cal) for Tripping (Minor) at 3:04, Matt Smaby (Phi) for Fighting (Major) at 9:42, Tim Ramholt (Cal) for Fighting (Major) at 9:42, Matt Smaby (Phi) for instigated a fight (Minor) at 9:42, Matt Smaby (Phi) for instigated a fight (10 Minutes Misconduct) at 9:42, Tomas Kubalik (Phi) for High sticking (Minor) at 12:41, Brendan Mikkelson (Cal) for Charging (Minor) at 15:17, Mats Zuccarello (Phi) for Goalie Interference (Minor) at 18:55
3rd period
7. Flames , Patrik Berglund 8 (Brad Marchand 17) at 4:00 (PP)
8. Flyers , Mats Zuccarello 16 (Marcus Kruger 19, J.T. Miller 22) at 4:59
Penalties :
Tomas Kubalik (Phi) for High sticking (Minor) at 3:12, Sami Vatanen (Cal) for Tripping (Minor) at 5:08, Matthew Lombardi (Phi) for Tripping (Minor) at 7:48, Jeff Carter (Phi) for Hooking (Minor) at 13:24
Goalie Stats
Jonas Gustavsson (Cal), 13 saves from 17 shots - (0.765), L, 18-12-2, 27:20 minutes
Pekka Rinne (Cal), 13 saves from 14 shots - (0.929), 32:40 minutes
Steve Mason (Phi), 37 saves from 40 shots - (0.925), W, 22-10-3, 60:00 minutes
Players Stats for Flames
Player Name G A P +/- PIM S H SB GA TA FO MP PP MP PK MP
------------------------------------------------------------------------------------
Alexander Semin 0 1 1 -3 4 5 2 0 0 1 2/2 15:56 5:37 0:04
Brad Marchand 0 1 1 0 0 3 0 0 2 2 0/0 21:39 4:23 5:13
Brendan Mikkelson 0 0 0 0 2 2 0 1 0 0 0/0 11:54 1:40 0:00
Colin Wilson 0 1 1 1 0 1 2 1 0 0 7/17 14:04 0:00 5:13
David Backes 1 0 1 0 2 8 0 0 0 0 0/0 18:29 5:37 0:00
David Ullstrom 0 0 0 0 2 1 0 0 1 0 0/0 7:27 0:00 0:00
Derek Meech 0 0 0 -1 0 3 3 0 0 1 0/0 22:50 4:00 7:01
Eric Staal 0 1 1 0 0 3 4 1 0 1 13/29 17:28 5:37 0:04
Erik Johnson 0 0 0 -1 0 3 1 0 1 1 0/0 26:29 5:58 3:55
Jordin Tootoo 1 0 1 1 0 2 0 0 0 0 0/0 15:05 0:00 5:39
Kyle Palmieri 0 0 0 0 0 0 0 0 0 0 0/0 7:39 0:02 0:00
Mikhail Grabovski 0 0 0 0 0 0 2 0 0 0 1/4 7:25 0:00 0:00
Patrik Berglund 1 0 1 -3 0 3 4 0 1 0 6/15 20:57 4:23 5:39
Peter Prucha 0 0 0 -3 2 2 1 0 0 0 0/0 14:27 4:23 0:00
Sami Vatanen 0 0 0 -1 2 1 1 1 0 0 0/0 21:12 5:58 0:00
Steve Eminger 0 0 0 -1 0 1 1 2 0 0 0/0 19:04 0:02 7:01
Steve Regier 0 0 0 1 0 1 3 0 0 0 0/0 8:46 0:00 0:00
Tim Ramholt 0 0 0 0 5 1 0 2 0 1 0/0 18:05 2:20 3:55
Players Stats for Flyers
Player Name G A P +/- PIM S H SB GA TA FO MP PP MP PK MP
------------------------------------------------------------------------------------
Brian Lashoff 0 0 0 0 0 3 1 0 0 1 0/0 18:11 0:00 6:08
Brock Nelson 1 0 1 1 0 2 1 0 0 0 0/0 11:16 0:00 0:00
Chris Mcallister 0 1 1 0 0 0 0 2 0 0 0/0 13:16 0:00 6:41
Drew Miller 0 2 2 1 0 2 3 1 0 0 1/1 19:23 6:36 1:56
J.T. Miller 0 1 1 0 0 2 0 0 0 1 0/0 16:05 4:20 1:23
Jakub Voracek 0 2 2 1 0 1 3 1 0 0 2/3 17:05 6:36 0:00
Jeff Carter 2 0 2 1 2 8 2 0 1 0 18/25 17:42 6:36 0:00
Jeff Woywitka 0 0 0 -1 0 0 1 0 1 0 0/0 24:38 6:16 6:08
Jonathan Ericsson 0 0 0 0 0 2 2 1 0 0 0/0 21:05 6:16 0:00
Jordan Nolan 0 1 1 1 0 1 0 0 1 0 9/18 15:27 0:00 3:47
Marcus Kruger 0 1 1 0 0 0 3 0 0 1 4/8 15:30 4:20 0:50
Mats Zuccarello 1 0 1 0 2 4 1 0 0 0 0/0 14:59 4:20 0:00
Matt Smaby 0 0 0 0 17 0 0 0 0 1 0/0 13:48 0:00 1:43
Matthew Lombardi 0 0 0 0 2 1 2 1 0 0 3/11 11:59 0:00 5:23
Nathan Beaulieu 0 0 0 3 0 1 1 3 0 0 0/0 19:55 4:40 2:09
Oliver Ekman-Larsson 0 1 1 2 0 1 3 1 4 1 0/0 22:22 4:40 3:52
Ryan Callahan 1 0 1 0 0 1 0 1 0 0 0/0 5:57 0:00 0:00
Tomas Kubalik 0 0 0 1 4 2 1 0 0 0 1/1 11:16 0:00 0:00
3 Stars
1 - Jeff Carter (Phi)
2 - Jakub Voracek (Phi)
3 - Drew Miller (Phi)
Power Play
Flames - 2 on 6 Attempt(s) - 33.33%
Flyers - 2 on 7 Attempt(s) - 28.57%
Penalty Kill
Flames - 5 on 7 Attempt(s) - 71.43%
- Score 0 goal in Penalty Kill
Flyers - 4 on 6 Attempt(s) - 66.67%
- Score 0 goal in Penalty Kill
Team Stat
Flames - Hits : 24 - Faceoff Wins : 29 - Blocked Shots : 8 - Penalty Minutes : 19
Flyers - Hits : 24 - Faceoff Wins : 38 - Blocked Shots : 11 - Penalty Minutes : 27
Official
Referees : Unknown
Linesman : Unknown
Game Notes
Pekka Rinne enters game at 7:20 of 2nd period
Matt Smaby and Tim Ramholt fight to a draw at 9:42 of 2nd period
Finance
Level 1 -- Attendance: 5723 (95.38%) -- Ticket Income $600,915
Level 2 -- Attendance: 4164 (83.28%) -- Ticket Income $291,480
Level 3 -- Attendance: 1667 (83.35%) -- Ticket Income $75,015
Level 4 -- Attendance: 3260 (81.50%) -- Ticket Income $97,800
Luxury Box -- Attendance: 1000 (100.00%) -- Ticket Income $180,000
Game was played at the Wells Fargo Center.
Total Attendance: 15814 (87.86%)
Total Ticket Income: $1,245,210
Other Income: $186,782
Total Income: $1,431,992
Flames
5 vs 5 Forward
Center Left Wing Right Wing Time % Phy DF OF
1 Eric Staal Brad Marchand David Backes 40 1 2 2
2 Patrik Berglund Alexander Semin Peter Prucha 33 2 2 1
3 Colin Wilson Steve Regier Jordin Tootoo 19 2 2 1
4 Mikhail Grabovski David Ullstrom Kyle Palmieri 8 2 2 1
5 vs 5 Defense
Defense Defense Time % Phy DF OF
1 Erik Johnson Sami Vatanen 38 1 2 2
2 Derek Meech Steve Eminger 29 2 2 1
3 Brendan Mikkelson Tim Ramholt 23 2 2 1
4 Derek Meech Steve Eminger 10 2 2 1
PowerPlay Forward
Center Left Wing Right Wing Time % Phy DF OF
1 Eric Staal Alexander Semin David Backes 60 1 0 4
2 Patrik Berglund Brad Marchand Peter Prucha 40 1 0 4
PowerPlay Defense
Defense Defense Time % Phy DF OF
1 Erik Johnson Sami Vatanen 60 1 1 3
2 Derek Meech Tim Ramholt 40 1 1 3
Penalty Kill 4 Players Forward
Center Wing Time % Phy DF OF
1 Colin Wilson Brad Marchand 50 1 4 0
2 Patrik Berglund Jordin Tootoo 50 1 4 0
Penalty Kill 4 Players Defense
Defense Defense Time % Phy DF OF
1 Derek Meech Steve Eminger 58 1 4 0
2 Erik Johnson Tim Ramholt 42 1 4 0
Penalty Kill - 3 Players Forward
Forward Time % Phy DF OF
1 Eric Staal 50 1 4 0
2 Brad Marchand 50 1 4 0
Penalty Kill - 3 Players Defense
Defense Defense Time % Phy DF OF
1 Derek Meech Steve Eminger 58 1 4 0
2 Erik Johnson Tim Ramholt 42 1 4 0
4 vs 4 Forward
Center Wing Time % Phy DF OF
1 Eric Staal Alexander Semin 60 2 2 1
2 Colin Wilson Brad Marchand 40 2 2 1
4 vs 4 Defense
Defense Defense Time % Phy DF OF
1 Erik Johnson Sami Vatanen 60 2 2 1
2 Derek Meech Steve Eminger 40 2 2 1
Last Minutes Offensive
Center Left Wing Right Wing Defense Defense
Eric Staal Alexander Semin David Backes Erik Johnson Tim Ramholt
Last Minutes Defensive
Center Left Wing Right Wing Defense Defense
Eric Staal Alexander Semin David Backes Erik Johnson Steve Eminger
Goaltenders
Starting : Jonas Gustavsson
Backup : Pekka Rinne
Extra Forwards
Normal : Brad Marchand, Jordin Tootoo, David Ullstrom - PP : David Ullstrom, Colin Wilson - PK : Brad Marchand
Extra Defensemen
Normal : Derek Meech, Steve Eminger, Tim Ramholt - PP : Derek Meech - PK : Erik Johnson, Tim Ramholt
Penalty Shots
Eric Staal, Alexander Semin, David Backes, Brad Marchand, Patrik Berglund
Scratches
None
Flyers
5 vs 5 Forward
Center Left Wing Right Wing Time % Phy DF OF
1 Jeff Carter Drew Miller Jakub Voracek 30 0 1 4
2 Marcus Kruger J.T. Miller Mats Zuccarello 30 0 1 4
3 Jordan Nolan Brock Nelson Tomas Kubalik 30 0 2 3
4 Matthew Lombardi Chris Mcallister Ryan Callahan 10 1 3 1
5 vs 5 Defense
Defense Defense Time % Phy DF OF
1 Matt Smaby Jonathan Ericsson 40 1 2 2
2 Nathan Beaulieu Oliver Ekman-Larsson 30 1 2 2
3 Brian Lashoff Jeff Woywitka 20 1 2 2
4 Oliver Ekman-Larsson Jeff Woywitka 10 1 2 2
PowerPlay Forward
Center Left Wing Right Wing Time % Phy DF OF
1 Jeff Carter Drew Miller Jakub Voracek 60 0 0 5
2 Marcus Kruger J.T. Miller Mats Zuccarello 40 0 0 5
PowerPlay Defense
Defense Defense Time % Phy DF OF
1 Jonathan Ericsson Jeff Woywitka 60 0 2 3
2 Oliver Ekman-Larsson Nathan Beaulieu 40 0 2 3
Penalty Kill 4 Players Forward
Center Wing Time % Phy DF OF
1 Matthew Lombardi Chris Mcallister 60 0 4 1
2 Jordan Nolan Drew Miller 40 0 4 1
Penalty Kill 4 Players Defense
Defense Defense Time % Phy DF OF
1 Brian Lashoff Jeff Woywitka 60 1 4 0
2 Matt Smaby Oliver Ekman-Larsson 40 1 4 0
Penalty Kill - 3 Players Forward
Forward Time % Phy DF OF
1 Matthew Lombardi 60 0 4 1
2 Jordan Nolan 40 0 4 1
Penalty Kill - 3 Players Defense
Defense Defense Time % Phy DF OF
1 Brian Lashoff Jeff Woywitka 60 1 4 0
2 Matt Smaby Oliver Ekman-Larsson 40 1 4 0
4 vs 4 Forward
Center Wing Time % Phy DF OF
1 Jeff Carter J.T. Miller 60 0 2 3
2 Marcus Kruger Drew Miller 40 0 2 3
4 vs 4 Defense
Defense Defense Time % Phy DF OF
1 Jonathan Ericsson Matt Smaby 60 0 3 2
2 Nathan Beaulieu Oliver Ekman-Larsson 40 0 3 2
Last Minutes Offensive
Center Left Wing Right Wing Defense Defense
Jeff Carter Drew Miller Jakub Voracek Oliver Ekman-Larsson Jeff Woywitka
Last Minutes Defensive
Center Left Wing Right Wing Defense Defense
Matthew Lombardi Chris Mcallister Ryan Callahan Oliver Ekman-Larsson Jeff Woywitka
Goaltenders
Starting : Steve Mason
Backup : Cam Ward
Extra Forwards
Normal : Jeff Carter, Chris Mcallister, Drew Miller - PP : Jeff Carter, Drew Miller - PK : Chris Mcallister
Extra Defensemen
Normal : Brian Lashoff, Nathan Beaulieu, Matt Smaby - PP : Brian Lashoff - PK : Nathan Beaulieu, Matt Smaby
Penalty Shots
Jeff Carter, Jordan Nolan, J.T. Miller, Jakub Voracek, Ryan Callahan
Scratches
None
% Time on Ice - Flames
Lines # - Real PCT - Wanted PCT - Time Play
Normal Forward
1 - 31% - 40% - 11:55
2 - 28% - 33% - 10:58
3 - 22% - 19% - 8:46
4 - 19% - 8% - 7:25
Normal Defense
1 - 39% - 38% - 15:18
2 - 31% - 29% - 12:09
3 - 26% - 23% - 10:14
4 - 4% - 10% - 1:23
PP Forward
1 - 56% - 60% - 5:37
2 - 44% - 40% - 4:23
PP Defense
1 - 60% - 60% - 5:58
2 - 40% - 40% - 4:02
PK Forward
1 - 48% - 50% - 5:17
2 - 52% - 50% - 5:39
PK Defense
1 - 64% - 58% - 7:01
2 - 36% - 42% - 3:55
PK3 Forward
1 - 0% - 50%
2 - 0% - 50%
PK3 Defense
1 - 0% - 58%
2 - 0% - 42%
44 Forward
1 - 0% - 60%
2 - 0% - 40%
44 Defense
1 - 0% - 60%
2 - 0% - 40%
Last Minute Offensive - 0:00
Last Minute Defensive - 0:00
Total
Forward - 60:00
Defense - 60:00
|
% Time on Ice - Flyers
Lines # - Real PCT - Wanted PCT - Time Play
Normal Forward
1 - 29% - 30% - 11:11
2 - 27% - 30% - 10:40
3 - 29% - 30% - 11:16
4 - 15% - 10% - 5:57
Normal Defense
1 - 45% - 40% - 17:29
2 - 31% - 30% - 12:14
3 - 20% - 20% - 7:45
4 - 4% - 10% - 1:36
PP Forward
1 - 60% - 60% - 6:36
2 - 40% - 40% - 4:20
PP Defense
1 - 57% - 60% - 6:16
2 - 43% - 40% - 4:40
PK Forward
1 - 81% - 60% - 8:04
2 - 19% - 40% - 1:56
PK Defense
1 - 61% - 60% - 6:08
2 - 39% - 40% - 3:52
PK3 Forward
1 - 0% - 60%
2 - 0% - 40%
PK3 Defense
1 - 0% - 60%
2 - 0% - 40%
44 Forward
1 - 0% - 60%
2 - 0% - 40%
44 Defense
1 - 0% - 60%
2 - 0% - 40%
Last Minute Offensive - 0:00
Last Minute Defensive - 0:00
Total
Forward - 60:00
Defense - 60:00
|
Play-by-Play
1st period
0:01 of 1st period - Eric Staal wins face-off versus Jeff Carter in neutral zone.
0:10 of 1st period - Wrist shot by Jakub Voracek.
0:10 of 1st period - Shot Misses the Net.
0:17 of 1st period - Off-side.
0:18 of 1st period - Marcus Kruger wins face-off versus Patrik Berglund in neutral zone.
1:09 of 1st period - Wrist shot by Brad Marchand.
1:09 of 1st period - Shot Blocked by Chris Mcallister.
1:11 of 1st period - Wrist shot by Eric Staal.
1:11 of 1st period - Deflect By David Backes.
1:11 of 1st period - Stopped by Steve Mason with a rebound.
1:13 of 1st period - Slapshot by Brendan Mikkelson.
1:13 of 1st period - Shot Blocked by Matthew Lombardi.
1:15 of 1st period - Snap shot by Eric Staal.
1:15 of 1st period - Stopped by Steve Mason without a rebound.
1:16 of 1st period - Jeff Carter wins face-off versus Mikhail Grabovski in Flyers zone.
1:43 of 1st period - Tomas Kubalik is hit by Peter Prucha and loses puck.
1:58 of 1st period - Minor Penalty to Peter Prucha for Hooking.
1:59 of 1st period - Colin Wilson wins face-off versus Jeff Carter in Flames zone.
2:14 of 1st period - Snap shot by Jeff Carter.
2:14 of 1st period - Goal by Jeff Carter - Flames : 0 - Flyers : 1.
2:15 of 1st period - Marcus Kruger wins face-off versus Eric Staal in neutral zone.
3:09 of 1st period - Wrist shot by Jeff Carter.
3:09 of 1st period - Stopped by Jonas Gustavsson without a rebound.
3:10 of 1st period - Jeff Carter wins face-off versus Patrik Berglund in Flames zone.
3:21 of 1st period - Snap shot by Jeff Carter.
3:21 of 1st period - Shot Blocked by Steve Eminger.
3:23 of 1st period - Slapshot by Brian Lashoff.
3:23 of 1st period - Shot Misses the Net.
3:25 of 1st period - Slapshot by Brian Lashoff.
3:25 of 1st period - Deflect By Steve Eminger.
3:25 of 1st period - Stopped by Jonas Gustavsson with a rebound.
3:27 of 1st period - Backhand shot by Brian Lashoff.
3:27 of 1st period - Shot Blocked by Steve Eminger.
3:33 of 1st period - Minor Penalty to Alexander Semin for Hooking.
3:34 of 1st period - Drew Miller wins face-off versus Colin Wilson in Flames zone.
4:52 of 1st period - Steve Eminger is hit by Nathan Beaulieu and loses puck.
5:09 of 1st period - Colin Wilson is hit by Jeff Carter and loses puck.
5:33 of 1st period - Penalty to Alexander Semin is over, Alexander Semin is back on ice.
6:07 of 1st period - Brendan Mikkelson is hit by Matthew Lombardi and loses puck.
6:22 of 1st period - Tomas Kubalik is hit by Patrik Berglund and loses puck.
7:30 of 1st period - Icing by Steve Eminger.
7:31 of 1st period - Mikhail Grabovski wins face-off versus Marcus Kruger in Flames zone.
8:52 of 1st period - Marcus Kruger is hit by Mikhail Grabovski and loses puck.
9:27 of 1st period - Snap shot by Mikhail Grabovski.
9:27 of 1st period - Shot Misses the Net.
9:29 of 1st period - Slapshot by Derek Meech.
9:29 of 1st period - Stopped by Steve Mason without a rebound.
9:30 of 1st period - Jeff Carter wins face-off versus Eric Staal in Flyers zone.
9:30 of 1st period - Jeff Carter is hit by Eric Staal.
9:53 of 1st period - Icing by Jakub Voracek.
9:54 of 1st period - Patrik Berglund wins face-off versus Jordan Nolan in Flyers zone.
9:55 of 1st period - Wrist shot by Alexander Semin.
9:55 of 1st period - Stopped by Steve Mason with a rebound.
10:03 of 1st period - Peter Prucha is hit by Brock Nelson and loses puck.
10:35 of 1st period - Wrist shot by Tomas Kubalik.
10:35 of 1st period - Shot Misses the Net.
10:37 of 1st period - Snap shot by Jordan Nolan.
10:37 of 1st period - Stopped by Jonas Gustavsson without a rebound.
10:38 of 1st period - Jeff Carter wins face-off versus Eric Staal in Flames zone.
11:05 of 1st period - Matthew Lombardi is hit by Steve Regier and loses puck.
11:43 of 1st period - Tomas Kubalik is hit by Eric Staal and loses puck.
12:00 of 1st period - Wrist shot by Matthew Lombardi.
12:00 of 1st period - Stopped by Jonas Gustavsson with a rebound.
13:20 of 1st period - Erik Johnson is hit by Jeff Carter and loses puck.
13:35 of 1st period - Matt Smaby is hit by Patrik Berglund and loses puck.
14:08 of 1st period - Minor Penalty to David Ullstrom for Holding.
14:09 of 1st period - Jeff Carter wins face-off versus Colin Wilson in Flames zone.
14:16 of 1st period - Snap shot by Drew Miller.
14:16 of 1st period - Shot Misses the Net.
14:18 of 1st period - Snap shot by Jakub Voracek.
14:18 of 1st period - Stopped by Jonas Gustavsson without a rebound.
14:19 of 1st period - Colin Wilson wins face-off versus Jeff Carter in Flames zone.
14:41 of 1st period - Icing by Jakub Voracek.
14:42 of 1st period - Jeff Carter wins face-off versus Colin Wilson in Flyers zone.
14:53 of 1st period - Wrist shot by Jeff Carter.
14:53 of 1st period - Goal by Jeff Carter - Flames : 0 - Flyers : 2.
14:54 of 1st period - Jakub Voracek wins face-off versus Eric Staal in neutral zone.
15:21 of 1st period - Sami Vatanen is hit by Oliver Ekman-Larsson and loses puck.
15:26 of 1st period - Snap shot by Tomas Kubalik.
15:26 of 1st period - Shot Misses the Net.
15:55 of 1st period - Slapshot by Colin Wilson.
15:55 of 1st period - Shot Misses the Net.
16:09 of 1st period - Brian Lashoff is hit by Steve Eminger and loses puck.
16:25 of 1st period - Kyle Palmieri is hit by Marcus Kruger and loses puck.
17:06 of 1st period - Snap shot by Tomas Kubalik.
17:06 of 1st period - Stopped by Jonas Gustavsson with a rebound.
17:08 of 1st period - Snap shot by Tomas Kubalik.
17:08 of 1st period - Shot Blocked by Tim Ramholt.
17:10 of 1st period - Wrist shot by Tomas Kubalik.
17:10 of 1st period - Shot Misses the Net.
17:46 of 1st period - Snap shot by Patrik Berglund.
17:46 of 1st period - Shot Blocked by Jakub Voracek.
17:48 of 1st period - Slapshot by Tim Ramholt.
17:48 of 1st period - Stopped by Steve Mason with a rebound.
17:50 of 1st period - Slapshot by Brendan Mikkelson.
17:50 of 1st period - Stopped by Steve Mason with a rebound.
17:52 of 1st period - Slapshot by Brendan Mikkelson.
17:52 of 1st period - Stopped by Steve Mason with a rebound.
17:54 of 1st period - Wrist shot by Alexander Semin.
17:54 of 1st period - Stopped by Steve Mason with a rebound.
17:56 of 1st period - Slapshot by Patrik Berglund.
17:56 of 1st period - Stopped by Steve Mason with a rebound.
18:26 of 1st period - Tomas Kubalik is hit by Derek Meech and loses puck.
18:33 of 1st period - David Backes is hit by Jonathan Ericsson and loses puck.
18:42 of 1st period - Minor Penalty to David Backes for Hooking.
18:43 of 1st period - Jeff Carter wins face-off versus Patrik Berglund in Flames zone.
18:50 of 1st period - Snap shot by Drew Miller.
18:50 of 1st period - Stopped by Jonas Gustavsson without a rebound.
18:51 of 1st period - Patrik Berglund wins face-off versus Jakub Voracek in Flames zone.
18:58 of 1st period - Nathan Beaulieu is hit by Patrik Berglund and loses puck.
19:54 of 1st period - Patrik Berglund is hit by Jakub Voracek and loses puck.
Goals for this period are 0 for Flames vs 2 for Flyers.
Shots for this period are 9 for Flames vs 9 for Flyers.
2nd period
0:01 of 2nd period - Jeff Carter wins face-off versus Colin Wilson in neutral zone.
0:06 of 2nd period - Colin Wilson is hit by Jeff Woywitka and loses puck.
0:32 of 2nd period - Icing by Jeff Woywitka.
0:33 of 2nd period - Marcus Kruger wins face-off versus Patrik Berglund in Flyers zone.
0:42 of 2nd period - Penalty to David Backes is over, David Backes is back on ice.
1:30 of 2nd period - Snap shot by Mats Zuccarello.
1:30 of 2nd period - Shot Misses the Net.
1:32 of 2nd period - Snap shot by Mats Zuccarello.
1:32 of 2nd period - Stopped by Jonas Gustavsson with a rebound.
1:34 of 2nd period - Wrist shot by Jonathan Ericsson.
1:34 of 2nd period - Stopped by Jonas Gustavsson without a rebound.
1:35 of 2nd period - Jeff Carter wins face-off versus Mikhail Grabovski in Flames zone.
1:46 of 2nd period - Wrist shot by David Ullstrom.
1:46 of 2nd period - Stopped by Steve Mason with a rebound.
1:48 of 2nd period - Wrist shot by David Ullstrom.
1:48 of 2nd period - Shot Misses the Net.
1:50 of 2nd period - Slapshot by Derek Meech.
1:50 of 2nd period - Shot Misses the Net.
1:52 of 2nd period - Wrist shot by Mikhail Grabovski.
1:52 of 2nd period - Shot Misses the Net.
2:12 of 2nd period - Drew Miller is hit by Sami Vatanen and loses puck.
2:19 of 2nd period - Slapshot by Brad Marchand.
2:19 of 2nd period - Shot Misses the Net.
2:21 of 2nd period - Slapshot by Tim Ramholt.
2:21 of 2nd period - Shot Blocked by Oliver Ekman-Larsson.
2:37 of 2nd period - Snap shot by Jordan Nolan.
2:37 of 2nd period - Shot Blocked by Tim Ramholt.
2:39 of 2nd period - Slapshot by Oliver Ekman-Larsson.
2:39 of 2nd period - Shot Misses the Net.
2:43 of 2nd period - Snap shot by Brock Nelson.
2:43 of 2nd period - Goal by Brock Nelson - Flames : 0 - Flyers : 3.
2:44 of 2nd period - Jordan Nolan wins face-off versus Eric Staal in neutral zone.
2:59 of 2nd period - Slapshot by Brock Nelson.
2:59 of 2nd period - Deflect By Tomas Kubalik.
2:59 of 2nd period - Stopped by Jonas Gustavsson without a rebound.
3:00 of 2nd period - Jeff Carter wins face-off versus Patrik Berglund in Flames zone.
3:04 of 2nd period - Minor Penalty to Alexander Semin for Tripping.
3:05 of 2nd period - Jakub Voracek wins face-off versus Colin Wilson in Flames zone.
3:23 of 2nd period - Derek Meech is hit by Jonathan Ericsson and loses puck.
3:36 of 2nd period - Snap shot by Mats Zuccarello.
3:36 of 2nd period - Stopped by Jonas Gustavsson without a rebound.
3:37 of 2nd period - Colin Wilson wins face-off versus Marcus Kruger in Flames zone.
3:48 of 2nd period - Erik Johnson is hit by Marcus Kruger and loses puck.
4:11 of 2nd period - Slapshot by J.T. Miller.
4:11 of 2nd period - Stopped by Jonas Gustavsson without a rebound.
4:12 of 2nd period - Jeff Carter wins face-off versus Colin Wilson in Flames zone.
4:29 of 2nd period - Wrist shot by Drew Miller.
4:29 of 2nd period - Shot Misses the Net.
5:00 of 2nd period - Snap shot by Jeff Carter.
5:00 of 2nd period - Shot Misses the Net.
5:04 of 2nd period - Penalty to Alexander Semin is over, Alexander Semin is back on ice.
5:41 of 2nd period - Slapshot by Jonathan Ericsson.
5:41 of 2nd period - Stopped by Jonas Gustavsson with a rebound.
5:43 of 2nd period - Wrist shot by Chris Mcallister.
5:43 of 2nd period - Shot Blocked by Sami Vatanen.
6:00 of 2nd period - Alexander Semin is hit by Jakub Voracek and loses puck.
7:06 of 2nd period - Slapshot by Jonathan Ericsson.
7:06 of 2nd period - Shot Misses the Net.
7:20 of 2nd period - Backhand shot by Ryan Callahan.
7:20 of 2nd period - Goal by Ryan Callahan - Flames : 0 - Flyers : 4.
7:20 of 2nd period - Pekka Rinne enters game.
7:21 of 2nd period - Jordan Nolan wins face-off versus Eric Staal in neutral zone.
8:14 of 2nd period - Colin Wilson is hit by Brian Lashoff and loses puck.
8:23 of 2nd period - Wrist shot by Steve Regier.
8:23 of 2nd period - Shot Misses the Net.
8:40 of 2nd period - Wrist shot by Brock Nelson.
8:40 of 2nd period - Deflect By Jordan Nolan.
8:40 of 2nd period - Shot Misses the Net.
8:40 of 2nd period - Puck is out of play.
8:41 of 2nd period - Jordan Nolan wins face-off versus Patrik Berglund in Flames zone.
9:07 of 2nd period - Brad Marchand is hit by Drew Miller.
9:37 of 2nd period - Backhand shot by Steve Regier.
9:37 of 2nd period - Stopped by Steve Mason without a rebound.
9:38 of 2nd period - Jordan Nolan wins face-off versus Patrik Berglund in Flyers zone.
9:42 of 2nd period - Matt Smaby and Tim Ramholt fight to a draw.
9:42 of 2nd period - Penalty to Matt Smaby for Fighting.
9:42 of 2nd period - Penalty to Tim Ramholt for Fighting.
9:42 of 2nd period - Penalty to Matt Smaby for instigated a fight.
9:42 of 2nd period - Penalty to Matt Smaby for instigated a fight.
9:43 of 2nd period - Alexander Semin wins face-off versus Matthew Lombardi in neutral zone.
10:18 of 2nd period - Off-side.
10:19 of 2nd period - Eric Staal wins face-off versus Matthew Lombardi in neutral zone.
10:22 of 2nd period - Wrist shot by Eric Staal.
10:22 of 2nd period - Shot Misses the Net.
10:24 of 2nd period - Wrist shot by Eric Staal.
10:24 of 2nd period - Shot Blocked by Nathan Beaulieu.
10:26 of 2nd period - Snap shot by Eric Staal.
10:26 of 2nd period - Deflect By Alexander Semin.
10:26 of 2nd period - Shot Misses the Net.
10:26 of 2nd period - Puck is out of play.
10:27 of 2nd period - Eric Staal wins face-off versus Matthew Lombardi in Flyers zone.
10:42 of 2nd period - Slapshot by Alexander Semin.
10:42 of 2nd period - Deflect By David Backes.
10:42 of 2nd period - Shot Blocked by Nathan Beaulieu.
10:42 of 2nd period - Puck is out of play.
10:43 of 2nd period - Matthew Lombardi wins face-off versus Eric Staal in Flyers zone.
10:56 of 2nd period - Snap shot by Alexander Semin.
10:56 of 2nd period - Shot Misses the Net.
10:58 of 2nd period - Wrist shot by David Backes.
10:58 of 2nd period - Goal by David Backes - Flames : 1 - Flyers : 4.
10:59 of 2nd period - Jeff Carter wins face-off versus Eric Staal in neutral zone.
11:10 of 2nd period - Eric Staal is hit by Drew Miller and loses puck.
11:25 of 2nd period - Tomas Kubalik is hit by Patrik Berglund.
11:47 of 2nd period - Wrist shot by Jordin Tootoo.
11:47 of 2nd period - Shot Misses the Net.
11:51 of 2nd period - Snap shot by Jordin Tootoo.
11:51 of 2nd period - Shot Misses the Net.
12:27 of 2nd period - Erik Johnson is hit by Matthew Lombardi and loses puck.
12:41 of 2nd period - Minor Penalty to Tomas Kubalik for High sticking.
12:42 of 2nd period - Eric Staal wins face-off versus Matthew Lombardi in Flyers zone.
12:42 of 2nd period - Snap shot by David Backes.
12:42 of 2nd period - Stopped by Steve Mason with a rebound.
13:19 of 2nd period - Jordan Nolan is hit by Derek Meech and loses puck.
14:41 of 2nd period - Penalty to Tomas Kubalik is over, Tomas Kubalik is back on ice.
15:05 of 2nd period - Icing by Jeff Carter.
15:06 of 2nd period - Jeff Carter wins face-off versus Mikhail Grabovski in Flyers zone.
15:06 of 2nd period - Jeff Carter is hit by Mikhail Grabovski.
15:17 of 2nd period - Minor Penalty to Brendan Mikkelson for Charging.
15:18 of 2nd period - Colin Wilson wins face-off versus Jeff Carter in Flames zone.
15:51 of 2nd period - Icing by Oliver Ekman-Larsson.
15:52 of 2nd period - Marcus Kruger wins face-off versus Colin Wilson in Flyers zone.
16:26 of 2nd period - Slapshot by Nathan Beaulieu.
16:26 of 2nd period - Stopped by Pekka Rinne with a rebound.
16:28 of 2nd period - Snap shot by Oliver Ekman-Larsson.
16:28 of 2nd period - Deflect By Mats Zuccarello.
16:28 of 2nd period - Stopped by Pekka Rinne with a rebound.
16:30 of 2nd period - Slapshot by J.T. Miller.
16:30 of 2nd period - Shot Blocked by Colin Wilson.
16:32 of 2nd period - Slapshot by Oliver Ekman-Larsson.
16:32 of 2nd period - Stopped by Pekka Rinne without a rebound.
16:33 of 2nd period - Jeff Carter wins face-off versus Patrik Berglund in Flames zone.
17:17 of 2nd period - Penalty to Brendan Mikkelson is over, Brendan Mikkelson is back on ice.
17:28 of 2nd period - Erik Johnson is hit by Tomas Kubalik and loses puck.
18:05 of 2nd period - Slapshot by Brock Nelson.
18:05 of 2nd period - Stopped by Pekka Rinne with a rebound.
18:07 of 2nd period - Slapshot by Brian Lashoff.
18:07 of 2nd period - Stopped by Pekka Rinne with a rebound.
18:17 of 2nd period - J.T. Miller is hit by Steve Regier and loses puck.
18:26 of 2nd period - Slapshot by Jordin Tootoo.
18:26 of 2nd period - Goal by Jordin Tootoo - Flames : 2 - Flyers : 4.
18:27 of 2nd period - Jeff Carter wins face-off versus Eric Staal in neutral zone.
18:55 of 2nd period - Minor Penalty to Mats Zuccarello for Goalie Interference.
18:56 of 2nd period - Alexander Semin wins face-off versus Matthew Lombardi in Flyers zone.
19:07 of 2nd period - Wrist shot by David Backes.
19:07 of 2nd period - Shot Blocked by Chris Mcallister.
19:09 of 2nd period - Slapshot by Erik Johnson.
19:09 of 2nd period - Stopped by Steve Mason without a rebound.
19:10 of 2nd period - Matthew Lombardi wins face-off versus Eric Staal in Flyers zone.
19:57 of 2nd period - Brian Lashoff is hit by Eric Staal and loses puck.
Goals for this period are 2 for Flames vs 2 for Flyers.
Shots for this period are 6 for Flames vs 13 for Flyers.
3rd period
0:01 of 3rd period - Eric Staal wins face-off versus Matthew Lombardi in neutral zone.
0:04 of 3rd period - Jeff Woywitka is hit by Alexander Semin and loses puck.
0:52 of 3rd period - Derek Meech is hit by Drew Miller.
0:55 of 3rd period - Penalty to Mats Zuccarello is over, Mats Zuccarello is back on ice.
2:13 of 3rd period - Mats Zuccarello is hit by Steve Regier and loses puck.
2:18 of 3rd period - Wrist shot by Colin Wilson.
2:18 of 3rd period - Stopped by Steve Mason without a rebound.
2:19 of 3rd period - Jeff Carter wins face-off versus Eric Staal in Flyers zone.
2:28 of 3rd period - Slapshot by Jeff Woywitka.
2:28 of 3rd period - Shot Blocked by Eric Staal.
2:30 of 3rd period - Wrist shot by Drew Miller.
2:30 of 3rd period - Shot Blocked by Brendan Mikkelson.
2:34 of 3rd period - Wrist shot by Jeff Carter.
2:34 of 3rd period - Stopped by Pekka Rinne without a rebound.
2:35 of 3rd period - Patrik Berglund wins face-off versus Jordan Nolan in Flames zone.
2:40 of 3rd period - Slapshot by Erik Johnson.
2:40 of 3rd period - Stopped by Steve Mason with a rebound.
2:42 of 3rd period - Slapshot by Sami Vatanen.
2:42 of 3rd period - Shot Misses the Net.
2:44 of 3rd period - Snap shot by Peter Prucha.
2:44 of 3rd period - Stopped by Steve Mason with a rebound.
2:46 of 3rd period - Snap shot by Alexander Semin.
2:46 of 3rd period - Stopped by Steve Mason with a rebound.
3:02 of 3rd period - Brian Lashoff is hit by Colin Wilson and loses puck.
3:12 of 3rd period - Minor Penalty to Tomas Kubalik for High sticking.
3:13 of 3rd period - Matthew Lombardi wins face-off versus Eric Staal in Flyers zone.
3:13 of 3rd period - Matthew Lombardi is hit by Erik Johnson.
3:52 of 3rd period - Wrist shot by Sami Vatanen.
3:52 of 3rd period - Deflect By Patrik Berglund.
3:52 of 3rd period - Shot Misses the Net.
3:52 of 3rd period - Puck is out of play.
3:53 of 3rd period - Patrik Berglund wins face-off versus Jordan Nolan in Flyers zone.
3:54 of 3rd period - Slapshot by Brad Marchand.
3:54 of 3rd period - Shot Misses the Net.
3:56 of 3rd period - Snap shot by Patrik Berglund.
3:56 of 3rd period - Stopped by Steve Mason with a rebound.
4:00 of 3rd period - Slapshot by Patrik Berglund.
4:00 of 3rd period - Goal by Patrik Berglund - Flames : 3 - Flyers : 4.
4:01 of 3rd period - Eric Staal wins face-off versus Jeff Carter in neutral zone.
4:10 of 3rd period - Backhand shot by Jeff Carter.
4:10 of 3rd period - Stopped by Pekka Rinne with a rebound.
4:12 of 3rd period - Snap shot by Jeff Carter.
4:12 of 3rd period - Stopped by Pekka Rinne without a rebound.
4:13 of 3rd period - Eric Staal wins face-off versus Jordan Nolan in Flames zone.
4:13 of 3rd period - Eric Staal is hit by Oliver Ekman-Larsson.
4:24 of 3rd period - Off-side.
4:25 of 3rd period - Eric Staal wins face-off versus Jeff Carter in neutral zone.
4:28 of 3rd period - Slapshot by Sami Vatanen.
4:28 of 3rd period - Stopped by Steve Mason with a rebound.
4:30 of 3rd period - Slapshot by Eric Staal.
4:30 of 3rd period - Shot Blocked by Drew Miller.
4:32 of 3rd period - Backhand shot by Brad Marchand.
4:32 of 3rd period - Stopped by Steve Mason with a rebound.
4:34 of 3rd period - Wrist shot by David Backes.
4:34 of 3rd period - Shot Misses the Net.
4:36 of 3rd period - Snap shot by Eric Staal.
4:36 of 3rd period - Shot Blocked by Jonathan Ericsson.
4:38 of 3rd period - Wrist shot by Eric Staal.
4:38 of 3rd period - Shot Misses the Net.
4:40 of 3rd period - Wrist shot by Eric Staal.
4:40 of 3rd period - Stopped by Steve Mason with a rebound.
4:42 of 3rd period - 10 Minutes Misconduct Penalty to Matt Smaby is over.
4:42 of 3rd period - Wrist shot by David Backes.
4:42 of 3rd period - Stopped by Steve Mason without a rebound.
4:43 of 3rd period - Patrik Berglund wins face-off versus Marcus Kruger in Flyers zone.
4:59 of 3rd period - Wrist shot by Mats Zuccarello.
4:59 of 3rd period - Goal by Mats Zuccarello - Flames : 3 - Flyers : 5.
5:00 of 3rd period - Eric Staal wins face-off versus Jordan Nolan in neutral zone.
5:08 of 3rd period - Minor Penalty to Sami Vatanen for Tripping.
5:09 of 3rd period - Colin Wilson wins face-off versus Jeff Carter in Flames zone.
5:21 of 3rd period - Snap shot by Drew Miller.
5:21 of 3rd period - Shot Misses the Net.
7:08 of 3rd period - Penalty to Sami Vatanen is over, Sami Vatanen is back on ice.
7:48 of 3rd period - Minor Penalty to Matthew Lombardi for Tripping.
7:49 of 3rd period - Jordan Nolan wins face-off versus Eric Staal in Flyers zone.
8:27 of 3rd period - Peter Prucha is hit by Oliver Ekman-Larsson and loses puck.
8:46 of 3rd period - Wrist shot by Brad Marchand.
8:46 of 3rd period - Stopped by Steve Mason with a rebound.
8:48 of 3rd period - Snap shot by Peter Prucha.
8:48 of 3rd period - Shot Misses the Net.
8:50 of 3rd period - Slapshot by Erik Johnson.
8:50 of 3rd period - Stopped by Steve Mason without a rebound.
8:51 of 3rd period - Eric Staal wins face-off versus Jordan Nolan in Flyers zone.
8:54 of 3rd period - Slapshot by David Backes.
8:54 of 3rd period - Stopped by Steve Mason without a rebound.
8:55 of 3rd period - Jordan Nolan wins face-off versus Eric Staal in Flyers zone.
9:48 of 3rd period - Penalty to Matthew Lombardi is over, Matthew Lombardi is back on ice.
9:59 of 3rd period - Wrist shot by Jeff Carter.
9:59 of 3rd period - Stopped by Pekka Rinne without a rebound.
10:00 of 3rd period - Jeff Carter wins face-off versus Colin Wilson in Flames zone.
10:25 of 3rd period - David Backes is hit by Marcus Kruger and loses puck.
10:46 of 3rd period - Jeff Woywitka is hit by Alexander Semin and loses puck.
10:51 of 3rd period - Wrist shot by Alexander Semin.
10:51 of 3rd period - Stopped by Steve Mason with a rebound.
10:53 of 3rd period - Slapshot by Tim Ramholt.
10:53 of 3rd period - Deflect By Peter Prucha.
10:53 of 3rd period - Stopped by Steve Mason with a rebound.
10:55 of 3rd period - Snap shot by Alexander Semin.
10:55 of 3rd period - Stopped by Steve Mason with a rebound.
11:34 of 3rd period - Slapshot by Jeff Carter.
11:34 of 3rd period - Shot Misses the Net.
11:36 of 3rd period - Wrist shot by Drew Miller.
11:36 of 3rd period - Stopped by Pekka Rinne without a rebound.
11:37 of 3rd period - Patrik Berglund wins face-off versus Marcus Kruger in Flames zone.
11:37 of 3rd period - Patrik Berglund is hit by Mats Zuccarello.
12:09 of 3rd period - Slapshot by David Backes.
12:09 of 3rd period - Stopped by Steve Mason with a rebound.
12:11 of 3rd period - Backhand shot by David Backes.
12:11 of 3rd period - Stopped by Steve Mason without a rebound.
12:12 of 3rd period - Eric Staal wins face-off versus Jordan Nolan in Flyers zone.
12:17 of 3rd period - Slapshot by David Backes.
12:17 of 3rd period - Stopped by Steve Mason with a rebound.
13:19 of 3rd period - Snap shot by Patrik Berglund.
13:19 of 3rd period - Shot Blocked by Ryan Callahan.
13:21 of 3rd period - Slapshot by Steve Eminger.
13:21 of 3rd period - Stopped by Steve Mason without a rebound.
13:22 of 3rd period - Jeff Carter wins face-off versus Eric Staal in Flyers zone.
13:24 of 3rd period - Minor Penalty to Jeff Carter for Hooking.
13:25 of 3rd period - Eric Staal wins face-off versus Matthew Lombardi in Flyers zone.
13:55 of 3rd period - Icing by Tim Ramholt.
13:56 of 3rd period - Jordan Nolan wins face-off versus Patrik Berglund in Flames zone.
13:57 of 3rd period - Slapshot by Drew Miller.
13:57 of 3rd period - Shot Hit the Post.
14:25 of 3rd period - Slapshot by Brad Marchand.
14:25 of 3rd period - Stopped by Steve Mason with a rebound.
14:27 of 3rd period - Snap shot by Derek Meech.
14:27 of 3rd period - Stopped by Steve Mason with a rebound.
14:51 of 3rd period - Slapshot by Derek Meech.
14:51 of 3rd period - Stopped by Steve Mason without a rebound.
14:52 of 3rd period - Eric Staal wins face-off versus Matthew Lombardi in Flyers zone.
15:24 of 3rd period - Penalty to Jeff Carter is over, Jeff Carter is back on ice.
15:25 of 3rd period - Jeff Carter is hit by Eric Staal and loses puck.
16:01 of 3rd period - Wrist shot by Jeff Carter.
16:01 of 3rd period - Stopped by Pekka Rinne without a rebound.
16:02 of 3rd period - Colin Wilson wins face-off versus Jordan Nolan in Flames zone.
16:07 of 3rd period - Slapshot by Tim Ramholt.
16:07 of 3rd period - Shot Misses the Net.
16:09 of 3rd period - Slapshot by Tim Ramholt.
16:09 of 3rd period - Deflect By Colin Wilson.
16:09 of 3rd period - Shot Blocked by Nathan Beaulieu.
16:09 of 3rd period - Puck is out of play.
16:10 of 3rd period - Colin Wilson wins face-off versus Jordan Nolan in Flyers zone.
16:21 of 3rd period - Snap shot by Jordin Tootoo.
16:21 of 3rd period - Stopped by Steve Mason with a rebound.
16:23 of 3rd period - Wrist shot by Steve Regier.
16:23 of 3rd period - Shot Misses the Net.
16:25 of 3rd period - Snap shot by Steve Regier.
16:25 of 3rd period - Shot Misses the Net.
16:35 of 3rd period - Eric Staal is hit by Jakub Voracek and loses puck.
16:42 of 3rd period - Snap shot by Eric Staal.
16:42 of 3rd period - Stopped by Steve Mason without a rebound.
16:43 of 3rd period - Jordan Nolan wins face-off versus Colin Wilson in Flyers zone.
16:50 of 3rd period - Slapshot by Jonathan Ericsson.
16:50 of 3rd period - Deflect By Jordan Nolan.
16:50 of 3rd period - Shot Misses the Net.
16:50 of 3rd period - Puck is out of play.
16:51 of 3rd period - Jordan Nolan wins face-off versus Colin Wilson in Flames zone.
17:36 of 3rd period - Slapshot by Sami Vatanen.
17:36 of 3rd period - Shot Misses the Net.
18:20 of 3rd period - Jakub Voracek is hit by Colin Wilson.
18:42 of 3rd period - Mats Zuccarello is hit by Derek Meech and loses puck.
18:49 of 3rd period - Snap shot by J.T. Miller.
18:49 of 3rd period - Stopped by Pekka Rinne with a rebound.
18:51 of 3rd period - Slapshot by Brian Lashoff.
18:51 of 3rd period - Stopped by Pekka Rinne without a rebound.
18:52 of 3rd period - Tomas Kubalik wins face-off versus Eric Staal in Flames zone.
Goals for this period are 1 for Flames vs 1 for Flyers.
Shots for this period are 25 for Flames vs 9 for Flyers.
Back to the Top